 Dungeon Crawl Stone Soup version 0.19.1 (webtiles) character file.

109 Pasabolo the Cudgeler (level 4, 0/40 HPs)
             Began as a Hill Orc Berserker on Dec 18, 2016.
             Was a Believer of Trog.
             Succumbed to a worker ant's poison
             ... on level 3 of the Dungeon.
             The game lasted 00:12:53 (3248 turns).

Pasabolo the Cudgeler (Hill Orc Berserker)          Turns: 3248, Time: 00:12:54

Health: 0/40       AC:  9    Str: 25    XL:     4   Next: 89%
Magic:  4/4        EV: 14    Int:  7    God:    Trog [**....]
Gold:   118        SH:  0    Dex: 15    Spells: 0 memorised, 3 levels left

rFire  + . .     SeeInvis .     a - +0 mace
rCold  + . .     Gourm    .     k - +0 chain mail
rNeg   . . .     Faith    .     (no shield)
rPois  +         Spirit   .     (no helmet)
rElec  +         Reflect  .     (no cloak)
rCorr  +         Harm     .     (no gloves)
MR     .....                    (no boots)
Stlth  ..........               (no amulet)
                                (no ring)
                                (no ring)

@: mighty, agile, lethally poisoned (0 -> -4), exhausted, resistant, flying,
slowed, very slow
A: no striking features
a: Berserk, Trog's Hand, Burn Spellbooks, Renounce Religion


You were on level 3 of the Dungeon.
You worshipped Trog.
Trog was pleased with you.
You were not hungry.

You visited 1 branch of the dungeon, and saw 4 of its levels.

You collected 118 gold pieces.

Inventory:

Hand Weapons
 a - a +0 mace (weapon)
 h - a +0 hunting sling of flaming
Missiles
 d - 126 stones (quivered)
Armour
 b - a +0 animal skin
 e - a +0 ring mail
 k - a +0 chain mail (worn)
Jewellery
 u - a cursed ring of loudness {unknown}
Wands
 q - a wand of acid (3/15)
Scrolls
 j - 2 scrolls of enchant armour {unknown}
 l - 2 scrolls of fog {unknown}
 n - 5 scrolls of identify {unknown}
 o - 2 scrolls of recharging {unknown}
Comestibles
 c - a bread ration
 g - a meat ration
 s - a fruit


   Skills:
 * Level 4.2 Fighting
 * Level 4.9 Maces & Flails
 + Level 0.3 Throwing
 + Level 3.1 Armour
 + Level 1.7 Dodging
 + Level 0.1 Stealth


You had 3 spell levels left.
You didn't know any spells.

Dungeon Overview and Level Annotations

Branches:
Dungeon (4/15)
 Temple: D:4-7

Altars:
Trog
Yredelemnul

Annotations:
D:4 esteth's ghost, novice GrEE


Message History

You are too berserk!
You feel a strong urge to attack something.
* * * LOW HITPOINT WARNING * * *
You feel sick.
There is a stone staircase leading down here.
You feel your anger subside.
You are no longer berserk.
You are exhausted.
You feel yourself slow down.
It was a potion of cure mutation.
It has a very clean taste.
* * * LOW HITPOINT WARNING * * *
You feel sick.
It was a potion of resistance.
You feel protected.
* * * LOW HITPOINT WARNING * * *
You feel sick.
A kobold comes into view.
Unknown command.
As you read the scroll labeled TIOQOE XAPONO, it crumbles to dust.
You feel blessed for a moment.
It was a scroll of remove curse.
You die...

#.######.# ##>## ######........#
8...8# #........#.#### .....#
#.######.#.####8.....8###### #.#
#.#.#..##.....##....# #.#
#.#.#.###8...8#####.# #.#
#.#.#.###.....## #.#
######.######.#.#.##8.....8####.#
...............>@..##....?##.....
######.######...#.###8...8#####.#
# #.#........#.# ##_## #..#.# #
#.#.#####..#.###########.#.# #
#.#.#......†..........##.#.# #
#.#.#.###.##.###.####.##.#.# #
#.#.#...K.######.# #.##.#.# #
#.#.#.....'......# #.##.#.#
######.#.#.....######## #.##.#.#


You could see a kobold (wandering).

Vanquished Creatures
  A worker ant (D:4)
  3 adders
  2 dart slugs (D:2)
  A leopard gecko (D:2)
  An orc (D:3)
  3 giant cockroaches
  6 hobgoblins
  2 jackals (D:2)
  A quokka (D:3)
  A ball python (D:1)
  6 bats
  5 frilled lizards
  6 goblins
  10 kobolds
  5 rats
53 creatures vanquished.

Notes
Turn   | Place    | Note
-------+----------+-------------------------------------------
     0 | D:1      | Pasabolo the Hill Orc Berserker began the quest for the Orb.
     0 | D:1      | Reached XP level 1. HP: 19/19 MP: 1/1
   513 | D:1      | Reached XP level 2. HP: 27/27 MP: 2/2
  1122 | D:2      | Reached XP level 3. HP: 30/33 MP: 3/3
  1193 | D:2      | Found a bloodstained altar of Trog.
  1820 | D:2      | Reached ** piety under Trog
  2332 | D:3      | Found a basalt altar of Yredelemnul.
  2476 | D:3      | Found a bloodstained altar of Trog.
  2490 | D:3      | Reached XP level 4. HP: 29/40 MP: 4/4
  3234 | D:4      | Noticed esteth's ghost (novice GrEE)
  3242 | D:3      | HP: 3/60 [poisoned by a worker ant]
  3247 | D:3      | HP: 1/40 [poisoned by a worker ant]
  3248 | D:3      | Succumbed to a worker ant's poison

Skill      XL: |  1  2  3  4 |
---------------+-------------+-----
Fighting       | 4 |  4.2
Maces & Flails | 4 |  4.9
Armour         | 3 |  3.1
Throwing       | |  0.3
Dodging        | |  1.7
Stealth        | |  0.1

Action                   |  1- 3 |  4- 6 || total
-------------------------+-------+-------++-------
Melee: Mace              |   138 |    55 ||   193
Throw: Stone             |    30 |       ||    30
  Use: Potion            |       |     6 ||     6
       Scroll            |       |     1 ||     1
  Eat: Bread ration      |     1 |       ||     1
       Meat ration       |     1 |       ||     1
Armor: Animal skin       |     1 |       ||     1
       Ring mail         |    32 |       ||    32
       Chain mail        |    43 |    41 ||    84
Dodge: Dodged            |   121 |    22 ||   143
